NYP
LOS ANGELES (NYP) ANGELS @ VANCOUVER CANADIANS
06/27/2044
 
TOP OF THE 1ST
Los Angeles (NYP) Angels batting - Pitching for Vancouver Canadians : RHP Karl Matheson
Pitching: RHP Karl Matheson
Batting: RHB Randy Grewe 0-0: Fly out, F8 (Flyball, 8RD, EV 97.5 MPH)
Batting: RHB Steve Hasson 0-0: Called Strike
0-1: Ball
1-1: Called Strike
1-2: Foul Ball, location: 2F
1-2: Foul Ball, location: 2F
1-2: Ball
2-2: Ball
3-2: Strikes out swinging
Batting: RHB Jeff Long 0-0: Ground out 5-3 (Groundball, 56S, EV 81.2 MPH)
Top of the 1st over - 0 runs, 0 hits, 0 errors, 0 left on base; Los Angeles (NYP) 0 - Vancouver 0
BOTTOM OF THE 1ST
Vancouver Canadians batting - Pitching for Los Angeles (NYP) Angels : RHP Jose Alvarado
Pitching: RHP Jose Alvarado
Batting: LHB Tatsuyuki Yamada 0-0: Called Strike
0-1: Called Strike
0-2: Ball
1-2: Strikes out looking
Batting: RHB Carlos Ramirez 0-0: Called Strike
0-1: Ball
1-1: SINGLE (Groundball, 4MS, EV 74.4 MPH) (infield hit)
Batting: RHB Andy Bridger 0-0: Ball
Carlos Ramirez steals 2nd, throwing error, E2
Carlos Ramirez to third
1-0: Ball
2-0: Ground out U3 (Groundball, 13, EV 93.1 MPH)
Carlos Ramirez scores
Batting: SHB David Beauchamp 0-0: Ball
1-0: Ball
2-0: Foul Ball, location: 2F
2-1: Foul Ball, location: 2F
2-2: Ball
3-2: Base on Balls
Batting: RHB Justin Powell 0-0: Called Strike
0-1: Ball
1-1: Ball
2-1: Fielders Choice at 2nd, 6-4 (Groundball, 6, EV 82.5 MPH)
Bottom of the 1st over - 1 run, 1 hit, 1 error, 1 left on base; Los Angeles (NYP) 0 - Vancouver 1
TOP OF THE 2ND
Los Angeles (NYP) Angels batting - Pitching for Vancouver Canadians : RHP Karl Matheson
Batting: SHB Conor Davies 0-0: Ball
1-0: Foul Ball, location: 2F
1-1: Ball
2-1: Foul Ball, location: 2F
2-2: Ball
3-2: Foul Ball, location: 2F
3-2: Base on Balls
Batting: RHB Tsega Haida 0-0: Fielders Choice at 2nd, 6-4 (Groundball, 6, EV 80.0 MPH)
Batting: RHB Jason Habeck 0-0: Foul Ball, location: 2F
0-1: Ball
1-1: Foul Ball, location: 2F
1-2: Strikes out looking
Batting: RHB Steve Hughey 0-0: Ball
1-0: Swinging Strike
1-1: Ball
2-1: Called Strike
2-2: Strikes out swinging
Top of the 2nd over - 0 runs, 0 hits, 0 errors, 1 left on base; Los Angeles (NYP) 0 - Vancouver 1
BOTTOM OF THE 2ND
Vancouver Canadians batting - Pitching for Los Angeles (NYP) Angels : RHP Jose Alvarado
Batting: RHB Joel Bender 0-0: Ball
1-0: Foul Ball, location: 2F
1-1: Ground out 5-3 (Groundball, 56, EV 88.8 MPH)
Batting: LHB Adam Santarelli 0-0: Ball
1-0: Foul Ball, location: 2F
1-1: Called Strike
1-2: Foul Ball, location: 2F
1-2: Ball
2-2: Fly out, F1 (Line Drive, P, EV 68.1 MPH)
Batting: LHB Teko van de Sande 0-0: Ball
1-0: Ball
2-0: Ball
3-0: Called Strike
3-1: Foul Ball, location: 2F
3-2: Ground out 4-3 (Groundball, 34, EV 84.4 MPH)
Bottom of the 2nd over - 0 runs, 0 hits, 0 errors, 0 left on base; Los Angeles (NYP) 0 - Vancouver 1
TOP OF THE 3RD
Los Angeles (NYP) Angels batting - Pitching for Vancouver Canadians : RHP Karl Matheson
Batting: RHB David Kunze 0-0: Foul Ball, location: 2F
0-1: Ball
1-1: Ball
2-1: Ball
3-1: Base on Balls
Batting: RHB Zach Robbins 0-0: DOUBLE (Groundball, 5L, EV 101.2 MPH)
David Kunze to third
Batting: RHB Randy Grewe 0-0: Ball
1-0: Fly out, F8 (Flyball, 8RM, EV 90.6 MPH)
Runner from 3rd tags up, OUT at HOME! 8-2
Zach Robbins to third
Batting: RHB Steve Hasson 0-0: Ball
1-0: Foul Ball, location: 2F
1-1: Ball
2-1: Ball
3-1: Base on Balls
Batting: RHB Jeff Long 0-0: Called Strike
0-1: DOUBLE (Flyball, 78D, EV 111.9 MPH)
Zach Robbins scores
Steve Hasson to third
Batting: SHB Conor Davies 0-0: Ball
1-0: Swinging Strike
1-1: Ground out 4-3 (Groundball, 4, EV 81.9 MPH)
Top of the 3rd over - 1 run, 2 hits, 0 errors, 2 left on base; Los Angeles (NYP) 1 - Vancouver 1
BOTTOM OF THE 3RD
Vancouver Canadians batting - Pitching for Los Angeles (NYP) Angels : RHP Jose Alvarado
Batting: LHB Julio Canseco 0-0: Ball
1-0: Ground out 3-1 (Groundball, 34S, EV 84.4 MPH)
Batting: LHB Tatsuyuki Yamada 0-0: Ball
1-0: Foul Ball, location: 2F
1-1: Swinging Strike
1-2: Foul Ball, location: 2F
1-2: Strikes out swinging
Batting: RHB Carlos Ramirez 0-0: Called Strike
0-1: Swinging Strike
0-2: Strikes out swinging
Bottom of the 3rd over - 0 runs, 0 hits, 0 errors, 0 left on base; Los Angeles (NYP) 1 - Vancouver 1
TOP OF THE 4TH
Los Angeles (NYP) Angels batting - Pitching for Vancouver Canadians : RHP Karl Matheson
Batting: RHB Tsega Haida 0-0: Foul Ball, location: 2F
0-1: Ball
1-1: Foul Ball, location: 2F
1-2: Ground out 5-3 (Groundball, 56, EV 101.2 MPH)
Batting: RHB Jason Habeck 0-0: Ball
1-0: Ground out 5-3 (Groundball, 5, EV 85.6 MPH)
Batting: RHB Steve Hughey 0-0: Called Strike
0-1: Ball
1-1: Foul Ball, location: 2F
1-2: Strikes out swinging
Top of the 4th over - 0 runs, 0 hits, 0 errors, 0 left on base; Los Angeles (NYP) 1 - Vancouver 1
BOTTOM OF THE 4TH
Vancouver Canadians batting - Pitching for Los Angeles (NYP) Angels : RHP Jose Alvarado
Batting: RHB Andy Bridger 0-0: Ball
1-0: Foul Ball, location: 2F
1-1: Ground out 4-3 (Groundball, 4, EV 83.8 MPH)
Batting: SHB David Beauchamp 0-0: Ball
1-0: SINGLE (Groundball, 6MD, EV 110.0 MPH)
Batting: RHB Justin Powell 0-0: Called Strike
David Beauchamp steals 2nd base
0-1: Called Strike
David Beauchamp steals 3rd base
0-2: Ground out 1-3 (Groundball, 23, EV 66.9 MPH)
Batting: RHB Joel Bender 0-0: Ball
1-0: Called Strike
1-1: Foul Ball, location: 2F
1-2: Ball
2-2: Ball
3-2: Base on Balls
Batting: LHB Adam Santarelli 0-0: Called Strike
Joel Bender steals 2nd base
0-1: Ground out 4-3 (Groundball, 34D, EV 95.0 MPH)
Bottom of the 4th over - 0 runs, 1 hit, 0 errors, 2 left on base; Los Angeles (NYP) 1 - Vancouver 1
TOP OF THE 5TH
Los Angeles (NYP) Angels batting - Pitching for Vancouver Canadians : RHP Karl Matheson
Batting: RHB David Kunze 0-0: Ball
1-0: Called Strike
1-1: Foul Ball, location: 2F
1-2: Strikes out looking
Batting: RHB Zach Robbins 0-0: Ball
1-0: Foul Ball, location: 2F
1-1: Swinging Strike
1-2: Foul Ball, location: 2F
1-2: Strikes out looking
Batting: RHB Randy Grewe 0-0: Called Strike
0-1: Ball
1-1: Ball
2-1: Ground out 4-3 (Groundball, 34D, EV 87.5 MPH)
Top of the 5th over - 0 runs, 0 hits, 0 errors, 0 left on base; Los Angeles (NYP) 1 - Vancouver 1
BOTTOM OF THE 5TH
Vancouver Canadians batting - Pitching for Los Angeles (NYP) Angels : RHP Jose Alvarado
Batting: LHB Teko van de Sande 0-0: Foul Ball, location: 2F
0-1: Foul Ball, location: 2F
0-2: Ground out 4-3 (Groundball, 4, EV 80.0 MPH)
Batting: LHB Julio Canseco 0-0: Foul Ball, location: 2F
0-1: Ball
1-1: Fly out, F9 (Flyball, 9, EV 89.4 MPH)
Batting: LHB Tatsuyuki Yamada 0-0: SINGLE (Groundball, 4MD, EV 94.4 MPH)
Batting: RHB Carlos Ramirez 0-0: Ball
Tatsuyuki Yamada is caught stealing 2nd base 2-4
Bottom of the 5th over - 0 runs, 1 hit, 0 errors, 0 left on base; Los Angeles (NYP) 1 - Vancouver 1
TOP OF THE 6TH
Los Angeles (NYP) Angels batting - Pitching for Vancouver Canadians : RHP Karl Matheson
Batting: RHB Steve Hasson 0-0: Foul Ball, location: 2F
0-1: Ball
1-1: Ball
2-1: Ball
3-1: Fly out, F9 (Flyball, 9LM, EV 91.2 MPH)
Batting: RHB Jeff Long 0-0: Called Strike
0-1: Called Strike
0-2: Strikes out looking
Batting: SHB Conor Davies 0-0: Ball
1-0: Called Strike
1-1: Called Strike
1-2: Foul Ball, location: 2F
1-2: Ground out 4-3 (Groundball, 4, EV 103.8 MPH)
Top of the 6th over - 0 runs, 0 hits, 0 errors, 0 left on base; Los Angeles (NYP) 1 - Vancouver 1
BOTTOM OF THE 6TH
Vancouver Canadians batting - Pitching for Los Angeles (NYP) Angels : RHP Jose Alvarado
Batting: RHB Carlos Ramirez 0-0: Hit by Pitch
Batting: RHB Andy Bridger
Pinch Hitting: LHB Cedric Saunders 0-0: Ball
Carlos Ramirez steals 2nd base
1-0: Ball
2-0: Ball
3-0: Base on Balls
Batting: SHB David Beauchamp 0-0: Foul Ball, location: 2F
0-1: Fly out, F8 (Flyball, 8LD, EV 103.8 MPH)
Runner from 2nd tags up, SAFE at 3rd with throw by CF
Batting: RHB Justin Powell 0-0: Called Strike
0-1: Called Strike
0-2: Ball
1-2: Strikes out swinging
Pinch Hitting: RHB Cesar Chavez 0-0: Called Strike
0-1: Ball
1-1: Swinging Strike
1-2: Ball
Wild Pitch!
Carlos Ramirez scores
Cedric Saunders to second
2-2: Ball
3-2: Foul Ball, location: 2F
3-2: Base on Balls
Pinch Runner at 2nd Laroya Foronda:
Batting: LHB Adam Santarelli 0-0: Ball
1-0: Foul Ball, location: 2F
1-1: Foul Ball, location: 2F
1-2: Strikes out swinging
Bottom of the 6th over - 1 run, 0 hits, 0 errors, 2 left on base; Los Angeles (NYP) 1 - Vancouver 2
TOP OF THE 7TH
Los Angeles (NYP) Angels batting - Pitching for Vancouver Canadians : RHP Karl Matheson
Now at 2B: Cesar Chavez
Now at 3B: Kyle Scruggs
Now at SS: Teko van de Sande
Batting: RHB Tsega Haida 0-0: Ball
1-0: Ball
2-0: Ball
3-0: Base on Balls
Batting: RHB Jason Habeck 0-0: Ball
1-0: Called Strike
1-1: Foul Ball, location: 2F
1-2: Ball
2-2: SINGLE (Line Drive, 8RS, EV 105.0 MPH)
Tsega Haida to second
Pitching: RHP Jonathan Ballejos
Batting: RHB Steve Hughey 0-0: Ball
1-0: Swinging Strike
1-1: Foul Ball, location: 2F
1-2: Ball
2-2: Ball
3-2: Strikes out swinging
Batting: RHB David Kunze 0-0: Ball
1-0: Foul Ball, location: 2F
1-1: Foul Ball, location: 2F
1-2: Foul Ball, location: 2F
1-2: Fielders Choice at 3rd, U5 (Groundball, 5L, EV 81.2 MPH)
Jason Habeck to second
Batting: RHB Zach Robbins 0-0: Swinging Strike
0-1: Ball
1-1: Called Strike
1-2: Fielders Choice at 2nd, U4 (Groundball, 4M, EV 83.8 MPH)
Top of the 7th over - 0 runs, 1 hit, 0 errors, 2 left on base; Los Angeles (NYP) 1 - Vancouver 2
BOTTOM OF THE 7TH
Vancouver Canadians batting - Pitching for Los Angeles (NYP) Angels : RHP Jose Alvarado
Batting: LHB Teko van de Sande 0-0: SINGLE (Flyball, 34D, EV 85.6 MPH)
Batting: LHB Julio Canseco 0-0: Called Strike
0-1: Called Strike
0-2: Foul Ball, location: 2F
0-2: Ball
Teko van de Sande steals 2nd base (no throw)
1-2: DOUBLE (Line Drive, 9LM, EV 115.0 MPH)
Teko van de Sande scores
Batting: LHB Tatsuyuki Yamada 0-0: Called Strike
0-1: Called Strike
0-2: Foul Ball, location: 2F
0-2: Ball
1-2: TRIPLE (Flyball, 9LD, EV 93.1 MPH)
Julio Canseco scores
Batting: RHB Carlos Ramirez 0-0: Foul Ball, location: 2F
0-1: Foul Ball, location: 2F
0-2: Ball
Passed Ball!
Tatsuyuki Yamada scores
1-2: Strikes out swinging, 2-3 out at first.
Batting: RHB Kyle Scruggs 0-0: Foul Ball, location: 2F
0-1: Ball
1-1: Foul Ball, location: 2F
1-2: Foul Ball, location: 2F
1-2: Strikes out swinging
Batting: SHB David Beauchamp 0-0: Swinging Strike
0-1: Ball
1-1: Reached on error, E6 (Groundball, 6M, EV 108.8 MPH)
Pitching: RHP Pete Warren
Batting: RHB Justin Powell 0-0: Ball
1-0: Ball
2-0: SINGLE (Line Drive, 56, EV 95.6 MPH)
David Beauchamp to second
Batting: RHB Cesar Chavez 0-0: Ball
1-0: Ball
2-0: Ball
3-0: Called Strike
3-1: Ground out 5-3 (Groundball, 56S, EV 76.9 MPH)
Bottom of the 7th over - 3 runs, 4 hits, 1 error, 2 left on base; Los Angeles (NYP) 1 - Vancouver 5
TOP OF THE 8TH
Los Angeles (NYP) Angels batting - Pitching for Vancouver Canadians : RHP Jonathan Ballejos
Batting: RHB Randy Grewe 0-0: Ball
1-0: Foul Ball, location: 2F
1-1: Foul Ball, location: 2F
1-2: Foul Ball, location: 2F
1-2: Ball
2-2: Strikes out looking
Batting: RHB Steve Hasson 0-0: Ball
1-0: Foul Ball, location: 2F
1-1: Foul Ball, location: 2F
1-2: Ball
2-2: Foul Ball, location: 2F
2-2: Foul Ball, location: 2F
2-2: Foul Ball, location: 2F
2-2: Ball
3-2: Base on Balls
Pitching: RHP Márcio Travanca
Batting: RHB Jeff Long 0-0: Swinging Strike
0-1: Foul Ball, location: 2F
0-2: Ball
1-2: Strikes out swinging
Batting: SHB Conor Davies 0-0: Foul Ball, location: 2F
0-1: Called Strike
0-2: Ball
1-2: Foul Ball, location: 2F
1-2: Hit by Pitch
Steve Hasson to second
Batting: RHB Tsega Haida 0-0: Ball
Wild Pitch!
Steve Hasson to third
Conor Davies to second
1-0: Foul Ball, location: 2F
1-1: Swinging Strike
1-2: Ball
2-2: Strikes out swinging
Top of the 8th over - 0 runs, 0 hits, 0 errors, 2 left on base; Los Angeles (NYP) 1 - Vancouver 5
BOTTOM OF THE 8TH
Vancouver Canadians batting - Pitching for Los Angeles (NYP) Angels : RHP Pete Warren
Batting: LHB Adam Santarelli 0-0: Ball
1-0: Ground out 4-3 (Groundball, 34, EV 84.4 MPH)
Batting: LHB Teko van de Sande 0-0: Foul Ball, location: 2F
0-1: Swinging Strike
0-2: Strikes out looking
Batting: LHB Julio Canseco 0-0: Fly out, F8 (Flyball, 8LXD, EV 81.2 MPH)
Bottom of the 8th over - 0 runs, 0 hits, 0 errors, 0 left on base; Los Angeles (NYP) 1 - Vancouver 5
TOP OF THE 9TH
Los Angeles (NYP) Angels batting - Pitching for Vancouver Canadians : RHP Márcio Travanca
Batting: RHB Jason Habeck 0-0: Ball
1-0: Foul Ball, location: 2F
1-1: Swinging Strike
1-2: Foul Ball, location: 2F
1-2: Foul Ball, location: 2F
1-2: Strikes out looking
Batting: RHB Steve Hughey 0-0: Ball
1-0: Foul Ball, location: 2F
1-1: Foul Ball, location: 2F
1-2: Ball
2-2: Strikes out swinging
Batting: RHB David Kunze 0-0: Called Strike
0-1: Swinging Strike
0-2: Ball
1-2: Ball
2-2: Strikes out looking
Top of the 9th over - 0 runs, 0 hits, 0 errors, 0 left on base; Los Angeles (NYP) 1 - Vancouver 5
Thursday, March 31st , 2022 - OOTP Baseball 22.12 Build 89